 Dungeon Sprint DCSS version 0.20-a0-1062-g7b787ac (webtiles) character file.

14943 Kidiri the Eclecticist (level 11, -24/69 HPs)
             Began as a Deep Elf Fire Elementalist on Apr 27, 2017.
             Was the Champion of Vehumet.
             Killed from afar by a balrug (37 damage)
             ... with a fireball
             ... summoned by a deep elf demonologist
             ... in the Dungeon (Sprint III: "The Ten Rune Challenge").
             The game lasted 00:22:26 (3234 turns).

Kidiri the Eclecticist (Deep Elf Fire Elementalist) Turns: 3234, Time: 00:22:27

Health: -24/69     AC: 11    Str:  5    XL:     11   Next: 95%
Magic:  7/35       EV: 21    Int: 26    God:    Vehumet [******]
Gold:   1433       SH:  4    Dex: 22    Spells: 4/46 levels left

rFire    . . .     SeeInvis .   v - +2 rapier (protect)
rCold    . . .     Gourm    .   (no shield)
rNeg     . . .     Faith    .   i - +2 troll leather armour {Snorg}
rPois    .         Spirit   .   (no helmet)
rElec    .         Reflect  .   a - +1 cloak
rCorr    .         Harm     .   (no gloves)
MR       +....     Clarity  +   (no boots) Stlth +.........NoTele +
                                (no amulet)
Regen    0.7/turn               m - +2 ring of dexterity
MPRegen  0.3/turn               r - ring of Pampac {+Fly Dex+5 Stlth-}

@: drained
A: iridescent scales 1, large bone plates 1, clarity, clever 1
a: Renounce Religion, Evoke Flight


You were in the Dungeon.
You worshipped Vehumet.
Vehumet was exalted by your worship.
You were not hungry.

You visited 1 branch You collected 1995 gold pieces.
You spent 562 gold pieces at shops.

Inventory:

Hand Weapons
 f - a +1 short sword of electrocution
 v - a +2 rapier of protection (weapon)
Armour
 a - a +1 cloak (worn)
 i - a +2 troll leather armour (worn) {Snorg}
 l - a +2 robe of magic resistance
Jewellery
 m - a +2 ring of dexterity (left hand)
 r - the ring of Pampac (right hand) {+Fly Dex+5 Stlth-}
   (You took it off a deep elf demonologist in the Dungeon)

   [ring of loudness]

   It affects your dexterity (+5).
   It lets you fly.
   It makes you less stealthy.
Wands
 j - a wand of disintegration (7/24)
Scrolls
 n - 2 scrolls of immolation
 p - 3 scrolls of remove curse
 t - a scroll of silence {unknown}
Potions
 g - 2 potions of magic
 h - 2 potions of berserk rage
 k - a potion of ambrosia
 q - 3 potions of flight
 s - 5 potions of mutation
Books
 e - the Catalogue of Clay
   (You bought it in a shop in the Dungeon)

   Spells                             Type                      Level
   a - Leda's Liquefaction            Hexes/Earth                  4
   b - Bolt of Magma                  Conjuration/Fire/Earth       5
   c - Lee's Rapid Deconstruction     Earth                        5
   d - Iron Shot                      Conjuration/Earth            6
Comestibles
 b - 21 royal jellies
 c - 3 bread rations
 d - 3 chunks of flesh


   Skills:
 + Level 8.8(8.3) Fighting
 + Level 9.6(9.1) Short Blades
 + Level 8.8(8.3) Armour
 + Level 12.5(11.9) Dodging
 - Level 2.4(2.0) Stealth
 * Level 18.1(17.5) Spellcasting
 + Level 11.4(10.9) Conjurations
 + Level 11.8(11.2) Fire Magic
 + Level 5.9(5.4) Ice Magic
 + Level 7.3(6.8) Air Magic
 + Level 6.0(5.5) Poison Magic
 + Level 0.0 Evocations


You had 4 spell levels left.
You knew the following spells:

 Your Spells              Type           Power        Failure   Level  Hunger
a - Flame Tongue          Conj/Fire      #####        1%          1    None
b - Throw Flame           Conj/Fire      ######       1%          2    None
c - Conjure Flame         Conj/Fire      ######..     1%          3    None
d - Inner Flame           Hex/Fire       ######..     1%          3    None
e - Sticky Flame          Conj/Fire      ######..     1%          4    None
f - Fireball              Conj/Fire      ######....   1%          5    None
g - Searing Ray           Conj           ######       1%          2    None
h - Static Discharge      Conj/Air       ######..     1%          3    None
i - Ignite Poison         Fire/Tmut/Pois ######..     1%          3    None
j - Freezing Cloud        Conj/Ice/Air   ######....   5%          6    ###....
k - Throw Icicle          Conj/Ice       ######..     1%          4    None
l - Bolt of Cold          Conj/Ice       ######....   4%          6    ###....


Dungeon Overview and Level Annotations

Branches:
Dungeon (1/1)

Altars:
Cheibriados
Dithmenos
Elyvilon
Fedhas
Gozag
Hepliaklqana
Kikubaaqudgha
Makhleb
Nemelex Xobeh
Okawaru
Qazlal
Ru
Sif Muna
Trog
Uskayaw
Vehumet
Wu Jian
Xom
Yredelemnul
Zin
The Shining One
Beogh
Jiyva
Lugonu

Shops:
D :

Annotations:
D exclusion: 4 doors


Innate Abilities, Weirdness & Mutations

You are partially covered in iridescent scales. (AC +2)
You are partially covered in large bone plates. (SH +4)
You possess an exceptional clarity of mind.
Your mind is acute. (Int +2)


Message History

The rust devil is engulfed in freezing vapours.
The soul eater is engulfed in freezing vapours.
The soul eater draws from the surrounding life force!
The soul eater is healed.
Unknown command.
You start resting.
The deep elf demonologist casts a spell.
The balrug hits you with a demon whip of draining!!
You are engulfed in flames!
* * * LOW HITPOINT WARNING * * *
You feel drained.
* * * LOW HITPOINT WARNING * * *
Unknown command.
Okay, then.
Unknown command.
Unknown command.
The balrug gestures at you.
The fireball explodes!
The fireball engulfs you!
Ouch! That really hurt!
You die... ▓▓▓▓▓▓▓▓▓▓▓▓ ###.##.#.##..####### ### __#..##.#.#).'.#...# ...' ._#..).)))..##.#...##≈3≈≈# +##..)).)..###.#.23≈≈≈4... ..#.)))....# #.#@..##≈≈≈≈# ..#)∩###.### #.'..[# ee4e

#'#.## ##.# ####### ###
..#÷###########################
..#[.§≈≈'.#.'...'.#.#.#.'..%≈≈#
..#.#§≈§#.#.#...##.#.#.##...≈≈###
..'.#..§#.#.#().#.#.#.#.#...≈≈≈≈#
..#.#§§§#...#...##.#.#.##...≈≈≈≈#
▓▓▓▓▓▓▓▓▓▓▓▓▓▓▓▓#.#.#.#.#.......#


You could see a balrug, 2 soul eaters and an ice devil.

Vanquished Creatures
  A deep elf demonologist (D)
  Snorg (D)
  A centaur warrior (D)
  2 orc high priests (D)
  Urug (D)
  2 deep elf knights (D)
  2 unseen horrors (D)
  A lindwurm (D)
  4 deep elf magi (D)
  2 spiny frogs (D)
  A rime drake (D)
  A komodo dragon (D)
  3 wandering mushrooms (D)
  2 tyrant leeches (D)
  A queen bee (D)
  5 blink frogs (D)
  3 redbacks (D)
  A shadow (D)
  A spatial vortex (D)
  A swamp drake (D)
  A necrophage (D)
  An orc warrior (D)
  2 centaurs (D)
  An earth elemental (D)
  A water elemental (D)
  32 killer bees (D)
  A jelly (D)
  2 orc wizards (D)
  Crazy Yiuf (D)
  6 orc priests (D)
  Jessica (D)
  A wizard (D)
  A necromancer (D)
  A kobold demonologist (D)
  3 humans (D)
  An ooze (D)
  7 orcs (D)
  2 rats (D)
101 creatures vanquished.

Vanquished Creatures (others)
  2 draconian scorchers (D)
  6 hellions (D)
  2 yaktaurs (D)
10 creatures vanquished.

Grand Total: 111 creatures vanquished

Notes
Turn   | Place    | Note
-------+----------+-------------------------------------------
     0 | D        | Kidiri the Deep Elf Fire Elementalist began the quest for the Orb.
     0 | D        | Reached XP level 1. HP: 10/10 MP: 6/6
    97 | D        | Killed a hellion
    97 | D        | Killed a hellion
    97 | D        | Killed a hellion
    98 | D        | Killed a hellion
    98 | D        | Killed a hellion
    98 | D        | Killed a hellion
   133 | D        | Reached skill level 4 in Spellcasting
   135 | D        | Noticed Jessica
   138 | D        | Killed Jessica
   138 | D        | Reached skill level 1 in Fighting
   138 | D        | Reached skill level 1 in Armour
   138 | D        | Reached skill level 5 in Spellcasting
   138 | D        | Reached XP level 2. HP: 17/17 MP: 3/10
   138 | D        | Reached XP level 3. HP: 21/21 MP: 3/11
   142 | D        | Learned a level 2 spell: Throw Flame
   146 | D        | Learned a level 3 spell: Conjure Flame
   150 | D        | Learned a level 3 spell: Inner Flame
   230 | D        | Killed a white draconian scorcher
   262 | D        | Killed a white draconian scorcher
   277 | D        | Killed a yaktaur
   355 | D        | Noticed Crazy Yiuf
   365 | D        | Killed Crazy Yiuf
   365 | D        | Reached skill level 6 in Spellcasting
   365 | D        | Reached XP level 4. HP: 27/27 MP: 8/14
   381 | D        | Learned a level 4 spell: Sticky Flame
   406 | D        | Gained mutation: You are robust. (+10% HP) [potion of mutation]
   406 | D        | Gained mutation: You are clumsy. (Dex -2) [potion of mutation]
   406 | D        | Gained mutation: You occasionally shout uncontrollably at your foes. [potion of mutation]
   406 | D        | Lost mutation: You are clumsy. (Dex -2) [potion of mutation]
   407 | D        | Lost mutation: You are robust. (+10% HP) [potion of mutation]
   407 | D        | Lost mutation: You occasionally shout uncontrollably at your foes. [potion of mutation]
   407 | D        | Gained mutation: You possess an exceptional clarity of mind. [potion of mutation]
   407 | D        | Gained mutation: You are partially covered in iridescent scales. (AC +2) [potion of mutation]
   407 | D        | Gained mutation: Your mind is acute. (Int +2) [potion of mutation]
   407 | D        | Gained mutation: You are partially covered in large bone plates. (SH +4) [potion of mutation]
   430 | D        | Noticed a water elemental
   433 | D        | Killed a water elemental
   433 | D        | Reached skill level 5 in Dodging
   433 | D        | Reached skill level 7 in Spellcasting
   433 | D        | Reached skill level 5 in Fire Magic
   433 | D        | Reached XP level 5. HP: 28/32 MP: 11/17
   473 | D        | Found a radiant altar of Vehumet.
   474 | D        | Found a deep blue altar of Sif Muna.
   474 | D        | Found an ancient bone altar of Kikubaaqudgha.
   475 | D        | Reached skill level 8 in Spellcasting
   476 | D        | Noticed a hellwing
   515 | D        | Learned a level 5 spell: Fireball
   523 | D        | Became a worshipper of Vehumet
   723 | D        | Found a glowing silver altar of Zin.
   724 | D        | Found a glowing golden altar of the Shining One.
   724 | D        | Found a white marble altar of Elyvilon.
   724 | D        | Noticed a deep elf mage
   739 | D        | Killed a deep elf mage
   739 | D        | Reached skill level 10 in Spellcasting
   739 | D        | Reached XP level 6. HP: 39/39 MP: 11/21
   739 | D        | Reached XP level 7. HP: 44/44 MP: 12/23
   796 | D        | Found a hide-covered altar of Uskayaw.
   796 | D        | Found a roughly hewn altar of Beogh.
   796 | D        | Found an iron altar of Okawaru.
   796 | D        | Found a bloodstained altar of Trog.
   796 | D        | Found an ornate altar of the Wu Jian Council.
   796 | D        | Noticed a human
   798 | D        | Noticed a human
   799 | D        | Killed a human
   799 | D        | Reached skill level 11 in Spellcasting
   799 | D        | Killed a human
   799 | D        | Reached * piety under Vehumet
   799 | D        | Offered knowledge of Magic Dart by Vehumet.
   799 | D        | Reached skill level 5 in Fighting
   871 | D        | Found a basalt altar of Yredelemnul.
   871 | D        | Found a shadowy altar of Dithmenos.
   871 | D        | Found a sacrificial altar of Ru.
   877 | D        | Reached skill level 5 in Armour
   927 | D        | Noticed a shadow
   930 | D        | Reached ** piety under Vehumet
   930 | D        | Reached XP level 8. HP: 49/49 MP: 18/25
   931 | D        | Reached skill level 12 in Spellcasting
   971 | D        | Found a blossoming altar of Fedhas.
   971 | D        | Found a stormy altar of Qazlal.
   971 | D        | Found a snail-covered altar of Cheibriados.
   971 | D        | Found a burning altar of Makhleb.
   971 | D        | Found a shimmering altar of Xom.
   972 | D        | Found a hazy altar of Hepliaklqana.
   972 | D        | Found an opulent altar of Gozag.
   972 | D        | Found a sparkling altar of Nemelex Xobeh.
   972 | D        | Found a corrupted altar of Lugonu.
   972 | D        | Found a viscous altar of Jiyva.
   989 | D        | Offered knowledge of Searing Ray by Vehumet.
   989 | D        | Reached skill level 5 in Short Blades
  1061 | D        | Learned a level 2 spell: Searing Ray
  1065 | D        | Noticed Snorg
  1076 | D        | Killed Snorg
  1076 | D        | Offered knowledge of Static Discharge by Vehumet.
  1076 | D        | Reached skill level 13 in Spellcasting
  1076 | D        | Reached XP level 9. HP: 7/55 MP: 5/28
  1081 | D        | Learned a level 3 spell: Static Discharge
  1226 | D        | Reached *** piety under Vehumet
  1277 | D        | Noticed a centaur warrior
  1279 | D        | Offered knowledge of Ignite Poison by Vehumet.
  1279 | D        | Reached skill level 1 in Air Magic
  1280 | D        | Killed a centaur warrior
  1280 | D        | Reached skill level 14 in Spellcasting
  1341 | D        | Noticed an unseen horror
  1344 | D        | Noticed an unseen horror
  1348 | D        | Killed an unseen horror
  1348 | D        | Reached **** piety under Vehumet
  1348 | D        | Reached skill level 10 in Dodging
  1348 | D        | Killed an unseen horror
  1348 | D        | Reached skill level 15 in Spellcasting
  1348 | D        | Reached XP level 10. HP: 34/63 MP: 11/31
  1443 | D        | Learned a level 3 spell: Ignite Poison
  1459 | D        | Offered knowledge of Venom Bolt by Vehumet.
  1459 | D        | Reached ***** piety under Vehumet
  1460 | D        | Reached skill level 10 in Fire Magic
  1468 | D        | Reached ****** piety under Vehumet
  1754 | D        | Offered knowledge of Freezing Cloud by Vehumet.
  1762 | D        | Learned a level 6 spell: Freezing Cloud
  1806 | D        | Reached skill level 10 in Conjurations
  1902 | D        | Offered knowledge of Throw Icicle by Vehumet.
  1902 | D        | Reached skill level 1 in Ice Magic
  1902 | D        | Reached skill level 1 in Poison Magic
  1951 | D        | Learned a level 4 spell: Throw Icicle
  1962 | D        | Reached skill level 16 in Spellcasting
  2036 | D        | Noticed a spiny frog
  2036 | D        | Noticed a spiny frog
  2042 | D        | Killed a spiny frog
  2042 | D        | Reached skill level 5 in Air Magic
  2042 | D        | Killed a spiny frog
  2244 | D        | Noticed a lindwurm
  2255 | D        | Offered knowledge of Ozocubu's Refrigeration by Vehumet.
  2255 | D        | Reached XP level 11. HP: 68/68 MP: 16/33
  2261 | D        | Killed a lindwurm
  2356 | D        | Noticed Urug
  2368 | D        | Killed Urug
  2577 | D        | Reached skill level 17 in Spellcasting
  2577 | D        | Offered knowledge of Bolt of Cold by Vehumet.
  2586 | D        | Learned a level 6 spell: Bolt of Cold
  2684 | D        | Found Vimoat's Book Boutique.
  2684 | D        | Noticed an orc high priest
  2689 | D        | Killed an orc high priest
  2689 | D        | Offered knowledge of Conjure Ball Lightning by Vehumet.
  2696 | D        | Noticed an orc high priest
  2698 | D        | Noticed a sun demon
  2699 | D        | Killed an orc high priest
  2699 | D        | Reached skill level 5 in Poison Magic
  2834 | D        | Bought the Catalogue of Clay for 562 gold pieces
  2848 | D        | Noticed a deep elf mage
  2848 | D        | Noticed a deep elf mage
  2848 | D        | Noticed a deep elf knight
  2848 | D        | Noticed a deep elf mage
  2848 | D        | Noticed a deep elf knight
  2852 | D        | Killed a deep elf knight
  2852 | D        | Reached skill level 5 in Ice Magic
  2884 | D        | Killed a deep elf mage
  2951 | D        | Killed a deep elf mage
  3016 | D        | Killed a deep elf mage
  3018 | D        | Killed a deep elf knight
  3018 | D        | Offered knowledge of Bolt of Fire by Vehumet.
  3032 | D        | Noticed a deep elf demonologist
  3033 | D        | Noticed a deep elf mage
  3040 | D        | Killed a deep elf demonologist
  3040 | D        | Reached skill level 18 in Spellcasting
  3042 | D        | Got a slimy copper ring
  3048 | D        | Identified the ring of Pampac {+Fly Dex+5 Stlth-} (You took it off a deep elf demonologist in the Dungeon)
  3144 | D        | Noticed a deep elf demonologist
  3150 | D        | Noticed a deep elf demonologist
  3152 | D        | Noticed a deep elf high priest
  3222 | D        | Noticed a deep elf blademaster
  3226 | D        | Noticed a soul eater
  3227 | D        | Noticed a deep elf high priest
  3228 | D        | Noticed a balrug
  3233 | D        | Noticed a soul eater
  3234 | D        | Killed from afar by a balrug

Vault maps used:
D:        dungeon_sprint_mu

Skill      XL: |  1  2  3  4  5  6  7  8  9 10 11 |
---------------+----------------------------------+-----
Spellcasting   | 5 6 7 10 11 13 15 16 18 | 18.1
Conjurations   | 2 3 4 6 7 8 9 10 11 | 11.4
Fighting       | 1 2 4 5 6 7 8 |  8.8
Armour         | 1 2 4 5 6 7 8 |  8.8
Dodging        | 3 4 5 7 9 10 11 12 | 12.5
Fire Magic     | 4 5 7 8 9 10 11 | 11.8
Short Blades   | 3 4 6 7 8 9 |  9.6
Air Magic      | 3 5 7 |  7.3
Ice Magic      | 3 5 |  5.9
Poison Magic   | 3 6 |  6.0
Stealth        | |  2.4

Action                   |  1- 3 |  4- 6 |  7- 9 | 10-12 || total
-------------------------+-------+-------+-------+-------++-------
Melee: Dagger            |       |     1 |       |    95 ||    96
 Cast: Flame Tongue      |    25 |     5 |    30 |    51 ||   111
       Conjure Flame     |     1 |     1 |     3 |    10 ||    15
       Throw Flame       |     1 |       |     1 |       ||     2
       Sticky Flame      |       |     3 |     9 |    11 ||    23
       Fireball          |       |       |     6 |     4 ||    10
       Searing Ray       |       |       |     3 |     3 ||     6
       Static Discharge  |       |       |       |     6 ||     6
       Inner Flame       |       |       |       |     4 ||     4
       Freezing Cloud    |       |       |       |    16 ||    16
       Bolt of Cold      |       |       |       |     9 ||     9
       Throw Icicle      |       |       |       |     3 ||     3
  Use: Scroll            |       |     2 |     2 |       ||     4
       Potion            |       |     2 |       |     4 ||     6
 Stab: Sleeping          |       |     1 |       |     2 ||     3
       Confused          |       |       |       |     1 ||     1
  Eat: Chunk             |       |       |     2 |     4 ||     6
       Royal jelly       |       |       |       |     2 ||     2
Armor: Robe              |       |     1 |     2 |       ||     3
       Troll leather arm |       |       |     2 |    27 ||    29
Dodge: Dodged            |     4 |     6 |    14 |   106 ||   130
Block: Other             |       |     2 |     2 |    27 ||    31
